[Event "Late-Titled-Tuesday-Blitz-May-07-2024"]
[Site "Chess.com"]
[Date "2024.05.07"]
[Round "9"]
[White "Chessdude1987"]
[Black "NCchamp"]
[Result "1-0"]
[WhiteElo "2399"]
[BlackElo "2268"]
[TimeControl "180+1"]
[EndTime "15:48:04 PDT"]
[Termination "Chessdude1987 won on time"]

1. e4 c5 2. Nf3 Nc6 3. Bb5 g5 4. Nxg5 Nf6 5. Bxc6 dxc6 6. Qe2 Rg8 7. f4 Bg4 8. Nf3 e6 9. O-O Bxf3 10. Qxf3 Qd4+ 11. Kh1 Qxe4 12. d3 Qxf3 13. Rxf3 Bd6 14. Nc3 O-O-O 15. h3 h5 16. Be3 h4 17. Ne4 Nxe4 18. dxe4 Be7 19.
Bf2 f5 20. exf5 exf5 21. Re1 Bf6 22. Bxc5 Bxb2 23. Rb3 Bd4 24. Bxd4 Rxd4 25. Re7 b5 26. Rd3 Rgd8 27. Rxa7 Rxd3 28. cxd3 Rd4 29. Kh2 Rxf4 30. Rf7 c5 31. Rf6 Kc7 32. Kg1 Kd7 33. Rb6 c4 34. Rxb5 cxd3 35. Rd5+ Ke6 36. Rxd3 Ra4 37. a3 Ke5 38.
Kf2 Kf4 39. Rb3 Kg5 40. Kf3 Rc4 41. Kf2 Rc2+ 42. Kf3 Rc4 43. Rd3 Rc2 44. Re3 Ra2 45. Rd3 Rb2 46. a4 Ra2 47. Rd4 Ra3+ 48. Kf2 Ra2+ 49.
Kg1 Ra1+ 50. Kh2 Ra2 51. Rb4 Kh5 52. Rb5 Rxa4 53. Rxf5+ Kg6 54. Rb5 Ra2 55. Rb6+ Kg5 56. Rb5+ Kh6 57. Kg1 Rc2 58. Kf1 Ra2 59. Rc5 Rb2 60.
Rd5 Ra2 61. Re5 Rb2 62. Re2 Rb1+ 63. Kf2 Rb3 64. Re4 Kh5 65. Re3 Rb2+ 66. Kf3 Rb1 67.
Re5+ Kh6 68. Kg4 Rb4+ 69. Kf5 Rb2 70. Re6+ Kg7 71. Rg6+ Kh7 72. Rg4 1-0

[Event "Late-Titled-Tuesday-Blitz-May-07-2024"]
[Site "Chess.com"]
[Date "2024.05.07"]
[Round "9"]
[White "ploxoi"]
[Black "Cambek64"]
[Result "0-1"]
[WhiteElo "2329"]
[BlackElo "2511"]
[TimeControl "180+1"]
[EndTime "15:48:05 PDT"]
[Termination "Cambek64 won by resignation"]

1. d4 c5 2. d5 e5 3. c4 d6 4. g3 f5 5. Bg2 Nf6 6. Nc3 g6 7. e4 Bg7 8. Nf3 O-O 9. O-O h6 10. Ne1 Na6 11. Nd3 g5 12. f4 exf4 13. gxf4 fxe4 14. Nxe4 Nxe4 15. Bxe4 Bh3 16. Bg2 Bd4+ 17.
Kh1 Qd7 18. Qh5 Bxg2+ 19. Kxg2 Qh7 20. Nf2 Bxf2 21. Rxf2 gxf4 22. Qg4+ Kh8 23. Bd2 Qe4+ 24. Kf1 Rf7 25. Bc3+ Kh7 26. Rg2 Qd3+ 27. Kg1 f3 28.
Rf2 Rg8 29. Qxg8+ Kxg8 30. h3 Kh7 31. Kh2 Nb4 32. Rg1 Qe4 33. Rg4 Qf5 34. Rf1 Nd3 35. Rfg1 Ne5 36. R4g3 f2 37. Rf1 Nf3+ 38. Kh1 Nh4 39.
Kh2 b5 40. cxb5 Qxd5 41. Rg4 Rf3 42. Rg7+ Kh8 43. Rg5+ Rxc3 44. Rxd5 Rc2 45. Rxd6 Nf5 46. Rd8+ Kg7 47. Kg2 Ne3+ 48. Kf3 Nxf1 49. Rd1 Kf6 50. Rxf1 Rxb2 51. Rxf2 Rxb5 52. Re2 Ra5 53. Kg2 Kf5 54. Rf2+ Ke4 55. Re2+ Kd3 56. Kf3 c4 57. Re6 c3 58.
Rd6+ Kc2 59. Ke2 Rxa2 60. Rxh6 Rb2 61. Rc6 Kb1+ 62. Ke1 c2 63. h4 c1=Q+ 64. Rxc1+ Kxc1 65. h5 Rb7 66. Kf2 Rh7 67. Kg3 Rxh5 0-1

[Event "Late-Titled-Tuesday-Blitz-May-07-2024"]
[Site "Chess.com"]
[Date "2024.05.07"]
[Round "9"]
[White "wannabe2700"]
[Black "Abund"]
[Result "0-1"]
[WhiteElo "2569"]
[BlackElo "2780"]
[TimeControl "180+1"]
[EndTime "15:48:10 PDT"]
[Termination "Abund won on time"]

1. a4 Nf6 2. Ra3 e5 3. b3 Bxa3 4. Bxa3 b6 5. Nf3 d6 6. d4 e4 7. Nfd2 O-O 8. e3 Bg4 9. Be2 Bxe2 10. Qxe2 Re8 11. c4 a5 12. Nc3 Nc6 13. O-O Nb4 14.
f3 exf3 15. Nxf3 Qd7 16. e4 h6 17. h3 c6 18. Kh2 Re7 19. e5 dxe5 20. dxe5 Nh7 21.
Ne4 Re6 22. Rd1 Qc7 23. Bb2 Rd8 24. Kg1 Rxd1+ 25. Qxd1 Nf8 26. c5 Nd7 27. cxb6 Nxb6 28. Nc5 Re8 29. Qd4 Qd8 30. Qc3 N6d5 31. Qd4 Nc7 32.
Qc3 Ne6 33. Nb7 Qd5 34. Nd6 Rd8 35. Kh2 Rd7 36. Nc4 Qc5 37. Ba3 Rb7 38. Qd2 Qd5 39.
Qxd5 Nxd5 40. Nxa5 Rb8 41. Nxc6 Rxb3 42. Bd6 Rb2 43.
a5 Ra2 44. Kg1 Ne3 45. g4 Nf4 46. e6 Nxh3+ 47. Kh1 fxe6 48. Nfd4 Nxg4 49. Nf3 Ra1+ 50. Kg2 Ng5 51. Nxg5 hxg5 52. Bc5 Rc1 53. Ne7+ Kf7 54. Bb4 Rb1 55. Bc5 Rb5 56. Bd6 Rxa5 57. Nc6 Ra6 58. Ne5+ Nxe5 59. Bxe5 Ra4 60. Kf3 Kg6 61. Kg3 g4 62.
Bb2 Kf7 63. Be5 g5 64. Bb2 Kg6 65. Be5 Kf5 66. Bg7 Ra3+ 67. Kg2 Rb3 68. Bh8 e5 69.
Bg7 Rb7 70. Bh8 Rh7 0-1

[Event "Late-Titled-Tuesday-Blitz-May-07-2024"]
[Site "Chess.com"]
[Date "2024.05.07"]
[Round "9"]
[White "Arteler"]
[Black "VictorFcQNK"]
[Result "0-1"]
[WhiteElo "2245"]
[BlackElo "2102"]
[TimeControl "180+1"]
[EndTime "15:48:11 PDT"]
[Termination "VictorFcQNK won on time"]

1. d4 Nf6 2. Bg5 d5 3. c4 e6 4. Nc3 Be7 5. e3 O-O 6. Nf3 c6 7. cxd5 cxd5 8. Bd3 Nc6 9. a3 h6 10. Bh4 Bd7 11. Rc1 Rc8 12. h3 Na5 13. O-O Ne8 14.
Bxe7 Qxe7 15. b4 Nc4 16. Bxc4 Rxc4 17. Ne5 Rc7 18. Nxd7 Qxd7 19. Qb3 Nd6 20. Rc2 Rc4 21. Rfc1 Rfc8 22. Na4 Qc6 23. Rxc4 dxc4 24. Qc2 Qa6 25. Ra1 Qc6 26. Nb2 b5 27. Nd1 Ne4 28. Nc3 Nxc3 29. Qxc3 Rd8 30. Qc2 a6 31. a4 c3 32.
axb5 axb5 33. Rc1 Rc8 34. Qb3 Kf8 35. Qc2 Ke7 36. Qh7 Kf6 37. e4 c2 38. e5+ Ke7 39.
Qxg7 Qc3 40. Qf6+ Ke8 41. Qh8+ Kd7 42. Qxh6 Qxb4 43. Qf6 Qe7 44. Qxe7+ Kxe7 45. Kf1 b4 46.
Ke2 b3 47. Kd2 b2 48. Rxc2 b1=Q 49. Rxc8 Qb4+ 50. Ke3 Qa3+ 51. Ke4 Qa1 52. Rc7+ Ke8 53. Rc8+ Kd7 54. Rc4 Qe1+ 55. Kd3 Qf1+ 56. Kc3 Qxf2 57. Kb4 Qb2+ 58. Kc5 Qa3+ 59. Kb6 Qb2+ 60. Kc5 Qxg2 61. Kb6 Qb2+ 62. Kc5 Qg2 63. Kb6 Qb2+ 64. Kc5 Qa3+ 65. Kb6 Qb3+ 66. Kc5 Qa3+ 67. Kb6 Qa8 68. Kc5 Qb8 69. Rb4 Qc7+ 0-1

[Event "Late-Titled-Tuesday-Blitz-May-07-2024"]
[Site "Chess.com"]
[Date "2024.05.07"]
[Round "9"]
[White "ab-lsv"]
[Black "dealshark"]
[Result "0-1"]
[WhiteElo "2370"]
[BlackElo "2528"]
[TimeControl "180+1"]
[EndTime "15:48:21 PDT"]
[Termination "dealshark won on time"]

1. d4 d5 2. c4 e6 3. Nc3 c5 4.
cxd5 exd5 5. Nf3 Nc6 6. dxc5 d4 7. Na4 Bxc5 8. Nxc5 Qa5+ 9. Bd2 Qxc5 10. Rc1 Qb6 11.
e3 Nf6 12. Bc4 dxe3 13. Bxe3 Qb4+ 14. Bd2 Qe7+ 15. Be2 O-O 16. O-O Bg4 17. Re1 Rfe8 18. h3 Bh5 19. Qa4 Qe4 20. Bb5 Qxa4 21. Bxa4 Bxf3 22.
gxf3 Rxe1+ 23. Rxe1 Rd8 24. Be3 a6 25. Rc1 Rd6 26.
Kg2 Nd5 27. Bc5 Rg6+ 28. Kf1 Re6 29. Bb3 Re5 30. Rd1 Nf6 31. Bd6 Re8 32. Ba4 b5 33.
Bb3 Na5 34. Bb4 Nc6 35. Bc5 Na5 36. Bb4 Nxb3 37. axb3 h6 38. Bc3 Re6 39. Rd8+ Kh7 40. Rf8 Kg6 41. Kg2 Nd5 42. Rc8 Nf4+ 43. Kg3 Ne2+ 44.
Kg2 h5 45. Rc5 h4 46. Be5 f6 47. Bh2 Kf7 48. Rc7+ Kg6 49. b4 Rb6 50. Ra7 Re6 51.
Rc7 Kf5 52. Rd7 Kg6 53. Rd5 Rc6 54. Rd7 Nc1 55. Rd2 Na2 56. Rd4 Rc4 57. Rd6 Rxb4 58. Rxa6 Rxb2 59. Rb6 b4 60. Rb5 Nc3 61. Bf4 Ne2 62. Be3 b3 63. Rb4 Nc1 64. Rxh4 Nd3 65. Rd4 Ne5 66. Rb4 Kf5 67. Bd4 Ke6 68. f4 Rc2 69.
fxe5 fxe5 0-1

[Event "Late-Titled-Tuesday-Blitz-May-07-2024"]
[Site "Chess.com"]
[Date "2024.05.07"]
[Round "9"]
[White "ReadySkate"]
[Black "manmanlai1"]
[Result "1-0"]
[WhiteElo "2716"]
[BlackElo "2581"]
[TimeControl "180+1"]
[EndTime "15:48:23 PDT"]
[Termination "ReadySkate won by checkmate"]

1. d4 Nf6 2. c4 c5 3. d5 e6 4. Nc3 exd5 5. cxd5 d6 6. e4 g6 7. f4 Bg7 8. Bb5+ Nfd7 9. Nf3 O-O 10. O-O a6 11. Bd3 b5 12. a3 Re8 13. Kh1 c4 14. Bc2 Nc5 15. f5 Nbd7 16. Bg5 Qb6 17. Qd2 Ne5 18. Nxe5 Bxe5 19. Bf4 Bh8 20. Qf2 Ra7 21.
Qg3 Be5 22. Bxe5 Rxe5 23. Qh4 Qc7 24. Rf3 Qe7 25. Qh6 Qf8 26. Qf4 Qe7 27. Raf1 g5 28. Qg3 f6 29. Re3 Bd7 30. Qf2 Ra8 31. Rfe1 a5 32.
Ne2 b4 33. Nd4 Re8 34. Ne6 Bxe6 35. fxe6 Kg7 36. Rf1 Rc8 37. Rf3 Rf8 38. axb4 axb4 39. Qd2 b3 40. Bb1 Nxe4 41. Qd4 Nc5 42. Qxc4 Qb7 43.
Qg4 Qxd5 44. Qh5 Ne4 45. Re3 Qxe6 46. Kg1 d5 47. Rxb3 Rf7 48. Qd1 Qc6 49. Qd4 Qc5 50. Qxc5 Nxc5 51. Rb5 Ne4 52. Bxe4 Rxe4 53. Rxd5 Rb4 54.
Rd2 Rfb7 55. Rb1 Rb3 56. Kf2 h5 57. Ke1 h4 58. Kd1 Kg6 59. Kc2 g4 60. Rd4 f5 61.
Rd3 Rxd3 62. Kxd3 Kg5 63. b4 h3 64. g3 f4 65. gxf4+ Kxf4 66. Rf1+ Kg5 67. Kc4 Rc7+ 68.
Kd5 Rc2 69. Rh1 Rb2 70. Kc4 Kf4 71. Kc3 Re2 72. b5 Kf3 73. b6 Kg2 74. Kd3 Rb2 75. Re1 Kxh2 76. Re2+ Rxe2 77. Kxe2 g3 78. b7 Kg2 79.
b8=Q h2 80. Qb7+ Kg1 81. Qb6+ Kg2 82. Qc6+ Kg1 83. Qc1+ Kg2 84. Qf1# 1-0

[Event "Late-Titled-Tuesday-Blitz-May-07-2024"]
[Site "Chess.com"]
[Date "2024.05.07"]
[Round "9"]
[White "KNVB"]
[Black "jk13"]
[Result "0-1"]
[WhiteElo "2784"]
[BlackElo "2640"]
[TimeControl "180+1"]
[EndTime "15:48:26 PDT"]
[Termination "jk13 won by checkmate"]

1. a4 e5 2. Ra3 Bxa3 3. Nxa3 Nf6 4. b3 O-O 5. Bb2 Re8 6. e3 d5 7. Qa1 d4 8. Ne2 c5 9. Ng3 Nc6 10. f3 a6 11. Bc4 Nd5 12. Bxd5 Qxd5 13. Nc4 Qd8 14.
a5 Be6 15. Nb6 Rb8 16. O-O Nb4 17. Qc1 Nc6 18. Qa1 Nb4 19. Qc1 Nd5 20. Nxd5 Bxd5 21. Qa1 Bc6 22. e4 Bd7 23. d3 Rc8 24. Bc1 Rc6 25.
Bd2 Rg6 26. Qe1 Qh4 27. f4 exf4 28. Rxf4 Rg4 29. Rf3 Qe7 30. Qf2 Rg6 31. h3 h6 32.
Kh2 Rf6 33. Rxf6 Qxf6 34. Qxf6 gxf6 35. Nh5 Re6 36. g4 Kh7 37. Kg3 Rc6 38. Nf4 Be6 39. Kf2 Rc8 40. Nh5 Kg6 41. Nf4+ Kg7 42. Nh5+ Kg6 43.
Nf4+ Kh7 44. Ke2 Bd7 45. Nd5 Kg7 46. Bf4 Bc6 47. Ne7 Re8 48. Nf5+ Kg6 49. Nh4+ Kh7 50. Nf5 Kg6 51. Nd6 Re6 52. Kf2 Bd7 53. Nxb7 Rc6 54.
Nd6 Be6 55. Kg3 Kg7 56. Kh4 Kg6 57. Kg3 h5 58. gxh5+ Kxh5 59. Ne8 Kg6 60. h4 Bd7 61. Nd6 Be6 62. Kf3 f5 63. e5 Rc7 64. Ne8 Rd7 65.
h5+ Kxh5 66. Nf6+ Kg6 67. Nxd7 Bxd7 68. e6 fxe6 69. Bd6 Kf6 70. Kf4 Bc6 71. Be5+ Ke7 72. Kg5 Bf3 73. Kf4 Bd1 74. Bb8 Bxc2 75. Ba7 Kd6 76.
Bb8+ Kd5 77. Be5 Bxd3 78. Bf6 Bc2 79. Kg3 Bxb3 80. Kf2 e5 81. Ke1 f4 82. Kd2 e4 83. Kc1 e3 84. Bg5 f3 85. Bh4 f2 86.
Bxf2 exf2 87. Kd2 Ba4 88. Ke2 Ke4 89. Kd2 Bb5 90. Kc2 f1=Q 91. Kd2 Qd3+ 92. Kc1 Qe2 93. Kb1 Kd3 94. Ka1 Kc3 95. Kb1 Qb2# 0-1

[Event "Late-Titled-Tuesday-Blitz-May-07-2024"]
[Site "Chess.com"]
[Date "2024.05.07"]
[Round "9"]
[White "Karacsonyi_Gellert"]
[Black "maximnovik"]
[Result "1/2-1/2"]
[WhiteElo "2711"]
[BlackElo "2499"]
[TimeControl "180+1"]
[EndTime "15:48:46 PDT"]
[Termination "Game drawn - insufficient material"]

1. e4 e5 2. Nf3 Nc6 3. Bb5 a6 4. Bxc6 dxc6 5. O-O f6 6. d4 exd4 7. Nxd4 c5 8. Nb3 Qxd1 9. Rxd1 Bd7 10. Bf4 O-O-O 11.
Nc3 c4 12. Na5 Bb4 13. Nxc4 Bxc3 14. bxc3 Ne7 15. f3 Be6 16. Ne3 Rxd1+ 17. Rxd1 Rd8 18. Rxd8+ Kxd8 19. a3 Kd7 20. Kf2 b5 21. g4 Nc6 22. h4 Na5 23. h5 Nc4 24. Nxc4 Bxc4 25. Ke3 c5 26. Bg3 Be6 27. h6 gxh6 28. Bh4 h5 29.
gxh5 f5 30. e5 Kc6 31. Kf4 Kd5 32. Be7 a5 33. h6 Kc4 34. Kg5 Kxc3 35. Bxc5 Kc4 36.
Bd6 Kd5 37. Kf6 f4 38. Kg5 Bf7 39. Kxf4 Bg6 40. c3 Ke6 41. Bc7 a4 42. Bd6 Kd5 43.
Ke3 Bf5 44. Bc7 Bg6 45. Kf4 Ke6 46. Bb8 Bf5 47. Ba7 Bg6 48. Bd4 Bf5 49. Ke3 Kd5 50.
Kf2 Ke6 51. Ke2 Kd5 52. Kd2 Kc4 53. Ba7 Kd5 54. Bb8 Kc4 55. Bd6 Kd5 56. Ke3 Bg6 57. f4 Bf5 58. Bf8 Bg6 59. Kf3 Bf5 60. Bd6 Ke6 61.
c4 bxc4 62. Ke3 Kd5 63. Bb4 Bd7 64. Kd2 Ke4 65. Bd6 Kd4 66. Bb4 Ke4 67. Kc3 Kxf4 68.
Bd6 Be6 69. Kd4 Kf5 70. Bf8 Kf4 71. Bg7 Kf5 72. Kc3 Ke4 73. Kb4 Kd3 74. Kxa4 c3 75.
Bf6 c2 76. Bg5 Ke4 77. Kb5 Kxe5 78. a4 Kf5 79. Bc1 Ke4 80. a5 Kd3 81. Kc6 Ke2 82. a6 Kd1 83. Bg5 c1=Q+ 84. Bxc1 Kxc1 85. a7 Bg4 86. Kd5 Bf3+ 87. Ke5 Kd2 88. Kf6 Ke3 89. Kg7 Be4 90. Kf6 Kf4 91. Kf7 Kg5 92. Kg7 Kh5 93.
a8=Q Bxa8 94. Kxh7 Be4+ 95. Kg7 Bg6 96. h7 Bxh7 1/2-1/2

[Event "Late-Titled-Tuesday-Blitz-May-07-2024"]
[Site "Chess.com"]
[Date "2024.05.07"]
[Round "9"]
[White "moro182"]
[Black "MITerryble"]
[Result "1-0"]
[WhiteElo "2916"]
[BlackElo "3022"]
[TimeControl "180+1"]
[EndTime "15:48:54 PDT"]
[Termination "moro182 won by resignation"]

1. c4 e5 2. Nc3 Nc6 3. g3 g6 4. Bg2 Bg7 5. e3 Nge7 6. Nge2 d6 7. d3 Be6 8. Nd5 Qd7 9. h4 h6 10. Nec3 Nd8 11. Nxe7 Qxe7 12. b3 Qd7 13. Bb2 c6 14. d4 exd4 15. exd4 d5 16. cxd5 cxd5 17. O-O O-O 18.
Ne2 g5 19. hxg5 hxg5 20. Qd2 f6 21. Rfe1 Nc6 22. Rac1 Rfe8 23. Nc3 Bf7 24. Na4 b6 25. Nc3 Ne7 26. Bf1 Ng6 27. Rxe8+ Qxe8 28. Re1 Qd7 29. Bg2 Rd8 30. Ba3 Bf8 31. Bxf8 Kxf8 32.
Qd3 Kg7 33. Qb5 Ne7 34. Qxd7 Rxd7 35. Bh3 f5 36. Nd1 Kf6 37. Ne3 Be6 38. Rc1 Rd6 39. Rc7 Rd7 40. Rc3 Rd6 41. Rc7 a5 42. Kf1 Rd7 43.
Rc3 Rd6 44. Ke2 Nc6 45. Nc2 f4 46. gxf4 gxf4 47. Bxe6 Rxe6+ 48. Kf3 Kf5 49. a3 Rh6 50. Kg2 Ke4 51. f3+ Kf5 52. b4 Re6 53. b5 Ne7 54.
Kf2 Rh6 55. Ne1 Kg5 56. Kg2 Nf5 57. Nc2 Re6 58. Kf2 Rh6 59. Kg2 Rg6 60. Rc6 Rh6 61. a4 Rf6 62. Kf2 Rg6 63. Rc8 Rh6 64. Kg2 Nh4+ 65. Kf2 Nf5 66. Rg8+ Kf6 67. Rg2 Rg6 68.
Rh2 Rh6 69. Rxh6+ Nxh6 70. Ke2 Nf5 71. Kd3 Nh4 72. Ke2 Ke6 73. Ne1 Nf5 74. Kd3 Nh4 75.
Ke2 Kd6 76. Nd3 Nf5 77. Nxf4 Nxd4+ 78. Ke3 Nf5+ 79. Kd3 Ke5 80. Ne2 Nh4 81. f4+ Kd6 82.
Nd4 Ng6 83. f5 Ne5+ 84. Ke3 Ke7 85. Kf4 Kf6 86. Ne6 Nd3+ 87. Ke3 Kxf5 88. Nd4+ Ke5 89. Kxd3 Kd6 90. Nb3 Ke5 91. Nd2 Ke6 92. Kd4 Kd6 93. Nf1 Ke6 94. Ne3 1-0

[Event "Late-Titled-Tuesday-Blitz-May-07-2024"]
[Site "Chess.com"]
[Date "2024.05.07"]
[Round "9"]
[White "Indefatigable11"]
[Black "CarrotsandPizza"]
[Result "0-1"]
[WhiteElo "2408"]
[BlackElo "2581"]
[TimeControl "180+1"]
[EndTime "15:49:02 PDT"]
[Termination "CarrotsandPizza won by resignation"]

1. e4 c5 2. Nf3 Qb6 3. Nc3 Nc6 4. Nd5 Qa5 5. c3 e6 6. Ne3 Be7 7. Be2 Qc7 8. O-O Nf6 9. Qc2 d5 10. exd5 exd5 11. d4 c4 12. Nf5 O-O 13. Nxe7+ Nxe7 14. Bg5 Bf5 15. Qc1 Ne4 16. Bf4 Qb6 17. Ne5 Ng6 18. Nxg6 Bxg6 19. Re1 Rfe8 20. f3 Nd6 21. Qd2 Re6 22. Bf1 Rae8 23. Rxe6 Rxe6 24. Re1 Nf5 25.
g4 Ne7 26. h4 h5 27. Bh3 hxg4 28. Bxg4 Nf5 29. h5 Bh7 30. Re5 Rxe5 31. Bxe5 Qe6 32.
Qg2 f6 33. Bg3 Qe3+ 34. Bf2 Qc1+ 35. Kh2 Qf4+ 36. Kh3 Nh6 37. Bg3 Qe3 38. Qf2 Qxf2 39. Be6+ Kf8 40. Bxf2 Bg8 41. Bc8 b6 42. Bg3 Ke7 43. Bb8 Kd8 44. Ba6 Be6+ 45. Kg3 Bf7 46. Bb7 Kd7 47. a4 a5 48. Kf4 Be6 49. Ba6 Nf7 50.
Kg3 Nd6 51. Kf4 Nf7 52. Bb5+ Kc8 53. Be5 fxe5+ 54. dxe5 Kd8 55. Ba6 Ke7 56. Bb5 Bd7 57. Ba6 Bxa4 58. Bb7 Ke6 59. Bc8+ Bd7 60. Bb7 Nxe5 61.
Ba8 Nf7 62. Kg4 Ke5+ 63. Kg3 Kd6 64. Bb7 Ne5 65. Ba8 Bc6 66. Bxc6 Kxc6 67. Kf4 Kd6 68.
Kg5 Nxf3+ 69. Kg6 Ne5+ 70. Kxg7 Ng4 71. Kg6 d4 72. Kg5 Ne5 73. cxd4 Nf7+ 74. Kg6 Ke7 75. Kg7 b5 76. d5 b4 77. d6+ Nxd6 78. h6 Nf5+ 79. Kg6 Nxh6 80. Kxh6 c3 81. Kg6 cxb2 82. Kf5 b1=Q+ 83. Ke5 Qb3 84. Ke4 Qc3 85. Kd5 b3 86.
Ke4 b2 87. Kd5 Kd7 88. Ke4 Kd6 89. Kf5 b1=Q+ 90. Kg5 Qb5+ 91. Kh6 Qbc5 92. Kh7 Q3c4 93. Kg7 Qc6 94. Kf8 Q4c5 95. Kf7 a4 96. Kg7 Q5b6 97. Kf7 Qa6 98. Kg7 Qcb6 99. Kh6 Kc6 100. Kg5 a3 101.
Kf6 Kb5+ 102. Kg5 Ka4 103. Kf4 Ka5 104. Ke5 Qbb5+ 105. Kd4 Qac6 106. Ke3 Ka6 107. Kd2 Ka7 0-1

[Event "Late-Titled-Tuesday-Blitz-May-07-2024"]
[Site "Chess.com"]
[Date "2024.05.07"]
[Round "9"]
[White "PhileKhoob"]
[Black "djano"]
[Result "0-1"]
[WhiteElo "2346"]
[BlackElo "2542"]
[TimeControl "180+1"]
[EndTime "15:49:05 PDT"]
[Termination "djano won by checkmate"]

1. Nf3 g6 2. g3 Bg7 3. d4 c5 4. Bg2 cxd4 5. Nxd4 Nc6 6. Nxc6 bxc6 7.
O-O Nf6 8. c4 O-O 9. Nc3 Ba6 10.
Qa4 Qb6 11. Rb1 Bb7 12. Be3 Qc7 13. Bf4 e5 14. Bg5 h6 15. Bxf6 Bxf6 16. Rfd1 Rfd8 17. Ne4 Be7 18. c5 d5 19. cxd6 Bxd6 20. Rd3 Be7 21. Rbd1 Rd5 22. Nc3 Rxd3 23. Rxd3 a5 24. Rd1 Kg7 25.
Qc4 Rd8 26. Rxd8 Bxd8 27. Bf3 Qb6 28. b3 Be7 29. e3 Qd8 30. Kg2 Qd7 31. Ne4 Bc8 32. Nc5 Qd6 33. Ne4 Qd5 34. Qc3 Bb4 35.
Qb2 Qe6 36. a3 Be7 37. b4 axb4 38. axb4 Ba6 39. Nc5 Bxc5 40. bxc5 Bd3 41. Qc3 Bb5 42. Qb4 h5 43. h4 Kh6 44. Qc3 f6 45. Qc1 g5 46.
Qa3 gxh4 47. gxh4 Qg8+ 48. Kh2 Qe6 49. Qa8 Qf7 50. Qh8+ Qh7 51. Qxf6+ Qg6 52. Qxe5 Qc2 53. Qh8+ Kg6 54. Bxh5+ Kf5 55. Qf8+ Ke5 56. Qf4+ Kd5 57. Qd4+ Ke6 58. Bg4+ Ke7 59. Qe5+ Kf8 60. Qf6+ Kg8 61.
Be6+ Kh7 62. Qf7+ Kh6 63. Qf8+ Kh5 64. Bf7+ Kg4 65. Qg7+ Kf3 66. Qg3+ Ke2 67. Bh5+ Kd2 68. Qd6+ Kc1 69. Qf4 Qxc5 70. e4+ Kb2 71. e5 Bc4 72. Qd2+ Ka3 73. f4 Bd5 74. Qd3+ Kb2 75. Qe2+ Ka3 76.
Bf3 Bc4 77. Qd2 Bb3 78. Qe2 Qe7 79. h5 Qh4+ 80. Kg2 Qxf4 81. Qa6+ Kb2 82. Qxc6 Qg5+ 83.
Kf2 Qd2+ 84. Kg3 Qg5+ 85. Kh3 Qxe5 86. Qe4 Be6+ 87. Kh4 Qf6+ 88. Kg3 Bf5 89. Qf4 Qg7+ 90. Kf2 Qa7+ 91. Kg3 Qg7+ 92. Kh2 Qd7 93. Qb4+ Kc1 94. Qc3+ Kb1 95. Qb3+ Kc1 96. h6 Qd6+ 97. Kh1 Qxh6+ 98. Kg1 Qg5+ 99. Kf1 Bh3+ 100. Kf2 Qh4+ 101. Ke3 Qg5+ 102. Ke2 Qd2# 0-1

[Event "Late-Titled-Tuesday-Blitz-May-07-2024"]
[Site "Chess.com"]
[Date "2024.05.07"]
[Round "9"]
[White "Slovafn"]
[Black "Denmark2015"]
[Result "0-1"]
[WhiteElo "2416"]
[BlackElo "2578"]
[TimeControl "180+1"]
[EndTime "15:49:07 PDT"]
[Termination "Denmark2015 won by checkmate"]

1. Nf3 e6 2. c4 d5 3. g3 Be7 4.
Bg2 Nf6 5. O-O O-O 6. d3 Re8 7. Bf4 Nbd7 8. cxd5 Nxd5 9. Bd2 Bf6 10. Nc3 N7b6 11.
Rc1 c6 12. a3 h6 13. Qb3 e5 14.
Ne4 Qe7 15. Nc5 Nd7 16. Bb4 Nxc5 17. Bxc5 Qc7 18. Nd2 Be6 19. Qc2 Qd7 20. Ne4 Be7 21. Bxe7 Qxe7 22. Nc5 Rac8 23. Qa4 Ra8 24. Rc2 Nb6 25.
Qb4 Bd5 26. Bxd5 cxd5 27. Rfc1 e4 28. dxe4 dxe4 29. e3 Kh8 30. a4 Rab8 31. a5 Nd5 32. Qd4 Nf6 33. Nb3 Rbd8 34. Qxa7 Rd7 35. Rc8 Kh7 36. Rxe8 Qxe8 37. Nd4 Qe7 38. Qc5 Qd8 39. Qf5+ g6 40. Qe5 Qe7 41. Qxe7 Rxe7 42. b4 Nd5 43. b5 Kg7 44. h4 h5 45. Kf1 Nb4 46. Ke2 Nd5 47. Rc5 Rd7 48. b6 Nb4 49. Rc7 Rd5 50. Nb3 Rb5 51. Rxb7 Nd3 52. Nd2 Rb2 53. f3 Nc5 54.
Rc7 Nb3 55. Rd7 exf3+ 56. Kxf3 Nxd2+ 57. Kf4 Nc4 58. b7 Nxa5 59. Rc7 Nxb7 60. Rc8 Nd6 61. Rc6 Nf5 62. Kf3 Rb4 63. Rc3 Ra4 64. Rd3 Nh6 65. Rc3 Ng4 66. Rd3 Ra6 67. Rc3 Rf6+ 68.
Ke2 Re6 69. Kf3 Kf6 70. Rb3 Ne5+ 71. Kf2 Kf5 72. Ke2 Kf6 73. Rb4 Ng4 74. Rb3 Kg7 75. Rc3 Rf6 76. Ra3 Rf2+ 77. Kd3 Rf3 78.
Ke2 Rxg3 79. Rb3 Rg2+ 80. Kf3 Rh2 81. Kg3 Re2 82. Kf3 Rxe3+ 83. Rxe3 Nxe3 84. Kxe3 Kf6 85. Kf4 Ke6 86. Ke4 f6 87. Kf4 g5+ 88. hxg5 f5 89. Kg3 Kf7 90. Kf3 Kg7 91. Kg3 Kh7 92. Kf3 h4 93.
Kf4 Kg6 94. Kf3 Kxg5 95. Kf2 Kg4 96. Kg2 f4 97. Kf2 f3 98. Kf1 Kf4 99. Kf2 Ke4 100. Kf1 Ke3 101. Kg1 Ke2 102. Kh2 f2 103. Kh3 f1=Q+ 104. Kxh4 Qg1 105. Kh5 Kf3 106. Kh6 Qg8 107. Kh5 Qg7 108. Kh4 Qh6# 0-1

[Event "Late-Titled-Tuesday-Blitz-May-07-2024"]
[Site "Chess.com"]
[Date "2024.05.07"]
[Round "10"]
[White "LUISMIGUELOV"]
[Black "ploxoi"]
[Result "1-0"]
[WhiteElo "2222"]
[BlackElo "2318"]
[TimeControl "180+1"]
[EndTime "15:50:48 PDT"]
[Termination "LUISMIGUELOV won by resignation"]

1. d4 d5 2. c3 e6 3. Bf4 c5 4. e3 Nc6 5. Nd2 Nf6 6. Bd3 Bd6 7. Bxd6 Qxd6 8. f4 a6 9. a3 b5 10. Ngf3 Bb7 11. O-O Nd7 12. Ne5 O-O-O 13. Nxf7 1-0

[Event "Late-Titled-Tuesday-Blitz-May-07-2024"]
[Site "Chess.com"]
[Date "2024.05.07"]
[Round "10"]
[White "simaopdias"]
[Black "FMalexhdez"]
[Result "0-1"]
[WhiteElo "2272"]
[BlackElo "2223"]
[TimeControl "180+1"]
[EndTime "15:52:07 PDT"]
[Termination "FMalexhdez won by resignation"]

1. e4 c6 2. d4 d5 3. Nc3 dxe4 4. Nxe4 Nf6 5. Ng5 h6 6. N5f3 Bg4 7. Bf4 Nbd7 8. Bc4 e6 9. Qd3 b5 10. Bb3 a5 11. c3 a4 12. Bc2 Bf5 13. Qd2 Bxc2 14. Qxc2 Nd5 15. Bg3 N7f6 16. Ne2 Bd6 17.
Ne5 O-O 18. O-O Qc7 19. Rae1 a3 20. b3 c5 21. Qd2 c4 22. b4 Ne4 23. Qe3 Nxg3 24.
Nxg3 Bxe5 25. dxe5 Nxe3 0-1

[Event "Late-Titled-Tuesday-Blitz-May-07-2024"]
[Site "Chess.com"]
[Date "2024.05.07"]
[Round "10"]
[White "kingofthenil"]
[Black "wannabe2700"]
[Result "1-0"]
[WhiteElo "2832"]
[BlackElo "2566"]
[TimeControl "180+1"]
[EndTime "15:53:13 PDT"]
[Termination "kingofthenil won by resignation"]

1. d4 a5 2. e4 Ra6 3. Bxa6 Nxa6 4. Nc3 b6 5. Be3 Bb7 6. f3 e6 7. Nge2 Ne7 8. h4 h5 9. Qd2 d5 10. O-O-O Qd7 11. Nf4 dxe4 12. fxe4 b5 13. d5 b4 14. Nce2 e5 15. Nd3 Ng6 16. Ng3 Be7 17. Nf5 O-O 18. g4 c6 19. gxh5 cxd5 20. hxg6 f6 21. Qe2 Qxf5 22.
exf5 1-0

[Event "Late-Titled-Tuesday-Blitz-May-07-2024"]
[Site "Chess.com"]
[Date "2024.05.07"]
[Round "10"]
[White "Der_Balak_3Halak"]
[Black "shirovin"]
[Result "1-0"]
[WhiteElo "2398"]
[BlackElo "2109"]
[TimeControl "180+1"]
[EndTime "15:53:14 PDT"]
[Termination "Der_Balak_3Halak won by checkmate"]

1. c4 f5 2. d4 Nf6 3. Bg5 Ne4 4. h4 g6 5. Nc3 Nxg5 6. hxg5 Bg7 7. Nf3 O-O 8. e3 d6 9. Qb3 e5 10. c5+ Kh8 11.
O-O-O e4 12. Bc4 exf3 13. Rxh7+ Kxh7 14. Bg8+ Rxg8 15. Rh1+ Bh6 16. Qf7+ Rg7 17. Rxh6# 1-0

[Event "Late-Titled-Tuesday-Blitz-May-07-2024"]
[Site "Chess.com"]
[Date "2024.05.07"]
[Round "10"]
[White "Pig-filth"]
[Black "toninhojit"]
[Result "1-0"]
[WhiteElo "2328"]
[BlackElo "2582"]
[TimeControl "180+1"]
[EndTime "15:53:32 PDT"]
[Termination "Pig-filth won by resignation"]

1. d4 Nf6 2. Bg5 d5 3. Bxf6 gxf6 4. e3 c5 5. Nc3 cxd4 6. exd4 Nc6 7. Qh5 e6 8. O-O-O Bb4 9. Nge2 f5 10. g4 fxg4 11. Qxg4 Qf6 12. Qg3 a6 13. Kb1 Qe7 14. Nf4 Bd6 15. Re1 Nxd4 16. Ncxd5 Qd8 17. Qg7 Rf8 18.
Nf6+ 1-0

[Event "Late-Titled-Tuesday-Blitz-May-07-2024"]
[Site "Chess.com"]
[Date "2024.05.07"]
[Round "10"]
[White "jcibarra"]
[Black "WilsonPalencia21"]
[Result "1-0"]
[WhiteElo "2910"]
[BlackElo "2580"]
[TimeControl "180+1"]
[EndTime "15:53:42 PDT"]
[Termination "jcibarra won by resignation"]

1. e4 c5 2. Nf3 d6 3. c3 Nf6 4. h3 Nc6 5. Bd3 g5 6. Bc2 g4 7. hxg4 Bxg4 8. d4 cxd4 9. cxd4 Bxf3 10. gxf3 e6 11. Nc3 a6 12. d5 exd5 13. exd5 Ne5 14. f4 Ned7 15. Be3 Qa5 16. Qd4 Be7 17. Rc1 Rc8 18. Kf1 h5 19. Re1 Kf8 20. Bf5 Rxc3 21. bxc3 Qxa2 22. Bxd7 1-0

[Event "Late-Titled-Tuesday-Blitz-May-07-2024"]
[Site "Chess.com"]
[Date "2024.05.07"]
[Round "10"]
[White "Hirna2005"]
[Black "Zampronha1971"]
[Result "1-0"]
[WhiteElo "2354"]
[BlackElo "2448"]
[TimeControl "180+1"]
[EndTime "15:53:49 PDT"]
[Termination "Hirna2005 won by checkmate"]

1. e4 c5 2. c3 Nf6 3. e5 Nd5 4.
Nf3 e6 5. d4 cxd4 6. cxd4 b6 7.
Bd2 Bb7 8. Nc3 d6 9. Bb5+ Nd7 10. O-O Nxc3 11. bxc3 Qc7 12. exd6 Bxd6 13. h3 O-O 14. Qe2 Rac8 15. Rfe1 Nf6 16. Bd3 Bd5 17. Ne5 Bxe5 18. dxe5 Nd7 19. Qh5 g6 20. Qh6 Nxe5 21. Bf4 f6 22. c4 Bb7 23. Bc2 Qc6 24. Be4 Qc7 25. Bxb7 Qxb7 26. Bxe5 fxe5 27. Rxe5 Rxc4 28. Rxe6 Rc2 29.
Rxg6+ Kh8 30. Qxf8# 1-0